 Dungeon Crawl Stone Soup version 0.22.1-6-g1668fe2 (webtiles) character file.

89 Fang the Skirmisher (level 4, 0/29 HPs)
             Began as a Gargoyle Berserker on Jan 22, 2019.
             Was a Believer of Trog.
             Slain by a worm (10 damage)
             ... on level 2 of the Dungeon.
             The game lasted 00:00:57 (766 turns).

Fang the Skirmisher (Gargoyle Berserker)             Turns: 766, Time: 00:00:57

Health: 0/29       AC:  5    Str: 22    XL:     4   Next: 55%
Magic:  4/4        EV: 12    Int:  7    God:    Trog [**....]
Gold:   14         SH:  0    Dex:  9    Spells: 3/3 levels left

rFire    . . .     SeeInvis .   a - +0 hand axe
rCold    . . .     Gourm    .   (no shield)
rNeg     + . .     Faith    .   b - +0 animal skin
rPois    ∞         Spirit   .   (no helmet)
rElec    +         Reflect  .   (no cloak)
rCorr    .         Harm     .   (no gloves)
MR       .....                  (no boots)
Stlth    +.........             (no amulet)
HPRegen  0.09/turn              (no ring)
MPRegen  0.09/turn              (no ring)

@: berserk cooldown, slowed, very slow
A: negative energy resistance 1, electricity resistance, unbreathing,
petrification resistance, rot immunity, AC +3
a: Berserk, Trog's Hand, Renounce Religion


You were on level 2 of the Dungeon.
You worshipped Trog.
Trog was pleased with you.
You were hungry.

You visited 1 branch of the dungeon, and saw 2 of its levels.

You collected 14 gold pieces.

Inventory:

Hand Weapons
 a - a +0 hand axe (weapon)
Armour
 b - a +0 animal skin (worn)
Scrolls
 e - a scroll of random uselessness {unknown}
Potions
 d - a potion of flight {unknown}
 f - a potion of mutation {unknown}
 g - 2 potions of brilliance {unknown}
Comestibles
 c - 3 rations


   Skills:
 + Level 4.2 Fighting
 + Level 3.7 Axes
 + Level 2.3 Armour
 + Level 2.1 Dodging
 + Level 0.1 Stealth


You had 3 spell levels left.
You didn't know any spells.
Your spell library was empty.

Dungeon Overview and Level Annotations

Branches:
Dungeon (2/15)

Altars:


Innate Abilities, Weirdness & Mutations

You are resistant to torment.
Your stone body is resilient. (AC +3)
You are immune to poison.
You resist negative energy. (rN+)
You are resistant to electric shocks. (rElec)
You can survive without breathing.
You are immune to petrification.
You are immune to rotting.


Message History

You hit the worm.
The worm is heavily wounded.
You completely miss the kobold. The kobold barely misses you.
The worm barely misses you. The kobold barely misses you.
Unknown command.
You slash the worm!
The worm is almost dead.
You hit the kobold but do no damage. The kobold barely misses you.
The worm bites you but does no damage.
Unknown command.
You hit the worm but do no damage.
The worm is almost dead.
You closely miss the kobold. The kobold barely misses you.
The kobold hits you but does no damage. The worm misses you.
Unknown command.
You barely miss the worm.
The worm is severely wounded.
You hit the kobold but do no damage. The kobold closely misses you.
The worm bites you!
You die...

#.#...
#l#).#
#.#..#
#.#..#
#.#.)##
#.#...#
#.##†.#####.
#.<.K.......
####@w######
#..# .....
#...###
#...# #....
#.#.. #. ...


You could see a worm and a kobold.

Vanquished Creatures
  A howler monkey (D:2)
  Jessica (D:2)
  A leopard gecko (D:2)
  4 goblins (D:1)
  3 hobgoblins (D:1)
  A ball python (D:1)
  7 bats (D:1)
  2 frilled lizards
  3 kobolds
  3 rats (D:1)
26 creatures vanquished.

Notes
Turn   | Place    | Note
-------+----------+-------------------------------------------
     0 | D:1      | Fang the Gargoyle Berserker began the quest for the Orb.
     0 | D:1      | Reached XP level 1. HP: 14/14 MP: 1/1
   100 | D:1      | Reached XP level 2. HP: 17/19 MP: 2/2
   739 | D:2      | Noticed a howler monkey
   740 | D:2      | Noticed Jessica
   745 | D:2      | Reached XP level 3. HP: 18/24 MP: 3/3
   750 | D:2      | Reached ** piety under Trog
   750 | D:2      | Reached skill level 4 in Fighting
   750 | D:2      | Reached XP level 4. HP: 23/29 MP: 4/4
   756 | D:2      | Killed Jessica
   766 | D:2      | Slain by a worm

Skill      XL: |  1  2  3 |
---------------+----------+-----
Axes           | 3 |  3.7
Fighting       | 4 |  4.2
Dodging        | 2 |  2.1
Armour         | |  2.3
Stealth        | |  0.1

Action                   |  1- 3 |  4- 6 || total
-------------------------+-------+-------++-------
Melee: Hand axe          |    61 |     9 ||    70
Invok: Berserk           |     1 |       ||     1
Armor: Animal skin       |    25 |     4 ||    29
Dodge: Dodged            |    62 |    10 ||    72
